 Dungeon Crawl Stone Soup version 0.31-a0-185-g9dded2c639 (webtiles) character file.

Game seed: 2572591696895489981

333 qw the Skirmisher (level 6, -11/35 HPs)
             Began as a Deep Elf Hunter on June 22, 2023.
             Mangled by an ogre
             ... wielding a +0 giant club
              (18 damage)
             ... on level 4 of the Dungeon.
             The game lasted 00:01:27 (3622 turns).

qw the Skirmisher (Deep Elf Hunter)                 Turns: 3622, Time: 00:01:27

Health: -11/35     AC:  6    Str: 10    XL:     6   Next: 27%
Magic:  8/8        EV: 11    Int: 14    God:
Gold:   184        SH:  0    Dex: 18    Spells: 5/5 levels left

rFire   . . .        Y - +0 shortbow
rCold   . . .        (shield currently unavailable)
rNeg    . . .        c - +0 ring mail
rPois   .            g - +0 helmet
rElec   .            (no cloak)
rCorr   .            (no gloves)
SInv    .            (no boots)
Will    .....        (no amulet)
Stlth   +            (no ring)
HPRegen 0.25/turn    (no ring)
MPRegen 0.11/turn

%: no passive effects
@: about to teleport
A: no striking features
a: no special abilities


You were on level 4 of the Dungeon.
You visited 1 branch of the dungeon, and saw 4 of its levels.

You collected 184 gold pieces.


   Skills:
 - Level 2.0 Fighting
 + Level 9.5 Ranged Weapons
 - Level 1.0 Armour
 - Level 2.7 Dodging
 - Level 1.2 Stealth


You had 5 spell levels left.
You didn't know any spells.
Your spell library was empty.

Inventory:

Hand Weapons
 Y - a +0 shortbow (weapon)
Armour
 c - a +0 ring mail (worn)
 g - a +0 helmet (worn)
Scrolls
 a - a scroll of teleportation
Potions
 b - a potion of brilliance {unknown}
 e - a potion of curing

Dungeon Overview and Level Annotations

Branches:
Dungeon (4/15)
 Temple: D:4-7

Altars:
Fedhas

Portals:
Abyss: D:4

Annotations:
D:3 1 runed translucent door, Crazy Yiuf
D:4 2 transporters, qw's ghost, novice DEHu


Message History

Enter note:
Enter note:
Enter note:
Enter note:
Enter note:
Enter note: You shoot an arrow.
The goblin shouts! x2
The arrow hits the goblin!
You kill the goblin!
You shoot an arrow. The arrow hits the goblin.
The goblin is heavily wounded.
The goblin closely misses you. The goblin hits you but does no damage.
You shoot an arrow. The arrow hits the goblin!
You kill the goblin!
You shoot an arrow. The arrow hits the goblin!
You kill the goblin!
You shoot an arrow. The arrow hits the goblin.
The goblin is moderately wounded.
The goblin completely misses you.
You shoot an arrow. The arrow hits the goblin.
You kill the goblin!
You shoot an arrow. The arrow hits the goblin!
You kill the goblin!
You shoot an arrow. The arrow closely misses the goblin.
The arrow barely misses the ogre.
The arrow hits the goblin.
You kill the goblin!
The goblin barely misses you.
You shoot an arrow. The arrow hits the goblin!
You kill the goblin!
You shoot an arrow. The arrow barely misses the ogre.
The arrow hits the goblin.
You kill the goblin!
The ogre hits you with a +0 giant club!!
Ouch! That really hurt!
3622 ||| READING 2 scrolls of teleportation.
As you read the scroll of teleportation, it crumbles to dust.
You feel strangely unstable.
The ogre hits you with a +0 giant club!!
Ouch! That really hurt!
You die...

................# #.#
......##.##.#.#.# #.#
##....##.##.#.#.##### #.#
....................# #.#
##....#.....#.#.##### #.#
......#.........## #.#
........##..#....# ### #.#
............#..###...#####.#
.........#......@O)).#....)#
............######.(.#######
.................# ###
#...##...#..######
##.(##...#..# ##..#######.#
....# #.# ##..# #.# #..# #.#


You could see an ogre.

Vanquished Creatures
  A bullfrog (D:3)
  A scorpion (D:4)
  2 hounds
  5 adders
  2 dart slugs (D:1)
  8 orcs
  5 ball pythons
  5 bats
  10 endoplasms
  6 giant cockroaches
  14 goblins
  6 hobgoblins
  7 jackals
  3 quokkas
  5 frilled lizards
  6 kobolds
  3 rats
89 creatures vanquished.

Notes
Turn   | Place    | Note
-------+----------+-------------------------------------------
     0 | D:1      | qw the Deep Elf Hunter began the quest for the Orb.
     0 | D:1      | Reached XP level 1. HP: 12/12 MP: 3/3
     0 | D:1      | 0 ||| qw: Version: 0.3-a-9-g12657ce
     0 | D:1      | 0 ||| qw: Game counter: 1927
     0 | D:1      | 0 ||| qw: Always use a shield: true
     0 | D:1      | 0 ||| qw: God list: Okawaru
     0 | D:1      | 0 ||| qw: Allow faded altars: false
     0 | D:1      | 0 ||| qw: Do Orc after D:15 true
     0 | D:1      | 0 ||| qw: Do second Lair branch before Depths: true
     0 | D:1      | 0 ||| qw: Lair rune preference: random
     0 | D:1      | 0 ||| qw: Plans: Normal
     0 | D:1      | 0 ||| PLANNING D:1-11
   287 | D:1      | Reached XP level 2. HP: 15/16 MP: 4/4
   288 | D:1      | Reached skill level 6 in Ranged Weapons
   298 | D:1      | 298 ||| FLEEEEING.
   299 | D:1      | 299 ||| FLEEEEING.
   629 | D:1      | Reached XP level 3. HP: 20/20 MP: 5/5
   670 | D:1      | 670 ||| UPGRADING to +0 helmet.
   675 | D:1      | 675 ||| READING scroll labelled MOUVUT ARUE.
   676 | D:1      | 676 ||| READING scroll labelled PISAUXZ SEPNOEHYCO.
   680 | D:1      | 680 ||| DROPPING scroll of butterflies.
   714 | D:2      | Found a faded altar of an unknown god.
   913 | D:2      | You fall into a shaft and drop 2 floors!
  1010 | D:4      | Noticed a scorpion
  1018 | D:4      | Killed a scorpion
  1019 | D:4      | Reached skill level 7 in Ranged Weapons
  1019 | D:4      | Reached XP level 4. HP: 23/25 MP: 6/6
  1027 | D:4      | Found a blossoming altar of Fedhas.
  1069 | D:4      | Found a transporter.
  1070 | D:4      | 1070 ||| DRINKING 2 blue potions.
  1129 | D:3      | Reached skill level 8 in Ranged Weapons
  1162 | D:3      | 1162 ||| READING scroll labelled MEYHENG ITEPS.
  1417 | D:2      | Reached XP level 5. HP: 29/29 MP: 7/7
  1495 | D:2      | Found a blossoming altar of Fedhas.
  1708 | D:3      | 1708 ||| STAIRDANCE
  1982 | D:3      | Reached skill level 9 in Ranged Weapons
  2283 | D:3      | Found a runed translucent door.
  2284 | D:3      | Noticed Crazy Yiuf
  2539 | D:3      | 2539 ||| UPGRADING to +0 scale mail.
  2549 | D:3      | 2549 ||| DROPPING +0 leather armour.
  2550 | D:3      | 2550 ||| READING scroll labelled VONUGG TEUPIE.
  2551 | D:3      | 2551 ||| READING scroll labelled CIASET NUPLUSS.
  2553 | D:3      | 2553 ||| Stepping ~*~*~tactically~*~*~ (cloud).
  2777 | D:4      | 2777 ||| STAIRDANCE
  2781 | D:3      | Reached XP level 6. HP: 29/34 MP: 8/8
  2883 | D:4      | 2883 ||| STAIRDANCE
  2889 | D:3      | Reached skill level 1 in Armour
  2963 | D:3      | 2963 ||| UPGRADING to +0 ring mail.
  2973 | D:3      | 2973 ||| DROPPING +0 scale mail.
  3020 | D:4      | 3020 ||| STAIRDANCE
  3180 | D:4      | Noticed a small abomination
  3194 | D:4      | Found a one-way gate to the infinite horrors of the Abyss.
  3194 | D:4      | Noticed qw's ghost (novice DEHu)
  3206 | D:4      | 3206 ||| FLEEEEING.
  3210 | D:4      | 3210 ||| FLEEEEING.
  3211 | D:4      | 3211 ||| FLEEEEING.
  3212 | D:4      | 3212 ||| FLEEEEING.
  3213 | D:4      | 3213 ||| FLEEEEING.
  3214 | D:4      | 3214 ||| FLEEEEING.
  3215 | D:4      | 3215 ||| FLEEEEING.
  3216 | D:4      | 3216 ||| FLEEEEING.
  3217 | D:4      | 3217 ||| FLEEEEING.
  3218 | D:4      | 3218 ||| FLEEEEING.
  3219 | D:4      | 3219 ||| FLEEEEING.
  3222 | D:4      | 3222 ||| FLEEEEING.
  3223 | D:4      | 3223 ||| FLEEEEING.
  3224 | D:4      | 3224 ||| FLEEEEING.
  3225 | D:4      | 3225 ||| FLEEEEING.
  3226 | D:4      | 3226 ||| FLEEEEING.
  3227 | D:4      | 3227 ||| FLEEEEING.
  3228 | D:4      | 3228 ||| STAIRDANCE
  3461 | D:4      | Found a transporter.
  3621 | D:4      | HP: 7/35 [ogre/+0 giant club (28)]
  3622 | D:4      | 3622 ||| READING 2 scrolls of teleportation.
  3622 | D:4      | Mangled by an ogre

Levels and vault maps discovered:
D:1:      nicolae_arrival_washed_ashore, layout_loops_ring,
          minmay_indecisive_spiral
D:2:      layout_loops_ring, hellmonk_ecumenical_altar_blasted, basic_altar
D:3:      layout_basic, nicolae_titane, uniq_crazy_yiuf_cottage
D:4:      layout_basic, mainiacjoe_overflow_alcove_2,
          gammafunk_ghost_abyssal_escape, small_statue_intersection,
          minmay_ogre_servants

Skill      XL: |  1  2  3  4  5  6 |
---------------+-------------------+-----
Ranged Weapons | 6 7 8 9 |  9.5
Armour         | 1 |  1.0
Fighting       | 2 |  2.0
Dodging        | |  2.7
Stealth        | |  1.2

Action                     |  1- 3 |  4- 6 || total
---------------------------+-------+-------++-------
   Fire: Shortbow          |    87 |   167 ||   254
    Use: Scroll            |     2 |     4 ||     6
         Potion            |       |     1 ||     1
 Armour: Leather armour    |     4 |    14 ||    18
         Scale mail        |       |    10 ||    10
         Ring mail         |       |     5 ||     5
  Dodge: Dodged            |    19 |    40 ||    59

Table legend:
 A = Non-vault XP
 B = Vault XP
 C = Vault XP percentage of total XP
 D = Non-vault monster count
 E = Vault monster count
 F = Vault count percentage of total count
                 A         B        C        D         E       F
            +---------+---------+-------+---------+---------+-------
      Total |     454 |      22 |   4.6 |      77 |      12 |  13.5
            +---------+---------+-------+---------+---------+-------
        D:1 |      33 |       9 |  21.4 |      18 |       4 |  18.2
        D:2 |      74 |       0 |   0.0 |      20 |       0 |   0.0
        D:3 |     200 |       0 |   0.0 |      25 |       0 |   0.0
        D:4 |     147 |      13 |   8.1 |      14 |       8 |  36.4
            +---------+---------+-------+---------+---------+-------
